 Dungeon Crawl Stone Soup version 0.25.0-46-gbd7b0854d2 (webtiles) character file.

Game seed: 3216075563779016937

91 AvylaarBelgium the Stinger (level 4, -5/30 HPs)
             Began as a Demonspawn Venom Mage on July 15, 2020.
             Blown up by Ijyb (29 damage)
             ... with a disintegration bolt
             ... on level 3 of the Dungeon.
             The game lasted 00:05:15 (1584 turns).

AvylaarBelgium the Stinger (Demonspawn Venom Mage)  Turns: 1584, Time: 00:05:15

Health: -5/30      AC:  4    Str:  9    XL:     4   Next: 33%
Magic:  3/7        EV: 12    Int: 17    God:
Gold:   150        SH:  0    Dex: 13    Spells: 2/8 levels left

rFire    . . .     SeeInvis .   h - +0 hunting sling
rCold    . . .     Gourm    .   (no shield)
rNeg     . . .     Faith    .   a - +0 robe
rPois    .         Spirit   .   (no helmet)
rElec    .         Reflect  .   t - +0 cloak
rCorr    .         Harm     .   (no gloves)
MR       .....                  (no boots)
Stlth    ++........             (no amulet)
HPRegen  0.10/turn              (no ring)
MPRegen  0.10/turn              (no ring)

@: drained
A: rugged brown scales 1, powered by death 1
a: no special abilities


You were on level 3 of the Dungeon.
You were not hungry.

You visited 1 branch of the dungeon, and saw 3 of its levels.

You collected 150 gold pieces.

Inventory:

Hand Weapons
 d - a +0 short sword
 h - a +0 hunting sling (weapon)
 r - a +1 antimagic whip
Missiles
 i - 38 sling bullets (quivered)
 j - 100 stones
Armour
 a - a +0 robe (worn)
 t - a +0 cloak (worn)
Wands
 n - a wand of acid (7)
Scrolls
 b - 2 scrolls of remove curse {unknown}
 g - a scroll of identify {unknown}
 l - a scroll of enchant weapon {unknown}
 m - a scroll of teleportation {unknown}
 o - a scroll of fog {unknown}
 p - a scroll of enchant armour {unknown}
 q - a scroll of amnesia {unknown}
Potions
 e - a potion of heal wounds {unknown}
 f - a potion of lignification {unknown}
 k - 2 potions of haste
 u - a potion of cancellation {unknown}
Comestibles
 c - 2 rations


   Skills:
 + Level 0.2(0.0) Fighting
 + Level 0.5(0.0) Short Blades
 + Level 0.8(0.1) Slings
 + Level 2.1(1.3) Dodging
 + Level 2.0(1.1) Stealth
 + Level 0.1(0.0) Unarmed Combat
 + Level 2.5(1.7) Spellcasting
 + Level 1.8(1.0) Transmutations
 + Level 3.6(2.7) Poison Magic


You had 2 spell levels left.
You knew the following spells:

 Your Spells              Type           Power        Failure   Level  Hunger
a - Sting                 Tmut/Pois      #...         10%         1    #......
b - Poisonous Vapours     Pois/Air       #.....       17%         2    ###....
c - Ignite Poison         Fire/Tmut/Pois #.......     34%         3    ###....

Your spell library contained the following spells:

 Spells                   Type           Power        Failure   Level  Hunger
 Mephitic Cloud           Conj/Pois/Air  #.......     38%         3    ###....
 Olgreb's Toxic Radiance  Pois           ##......     54%         4    #####..


Dungeon Overview and Level Annotations

Branches:
Dungeon (3/15)

Altars:
Gozag

Annotations:
D:3 Ijyb


Innate Abilities, Weirdness & Mutations

You are partially covered in rugged brown scales. (AC +1, +3% HP)
You regenerate a little health from kills.


Message History

Press: ? - help, Shift-Dir - straight line, f/p - Ijyb
Aim: Ijyb, wielding a +0 dagger, wearing a +4 chain mail of poison resistance and carrying a wand of disintegration (9) (moderately wounded, fast, very poisoned)
The sting hits Ijyb but does no damage.
Ijyb looks as sick as possible!
Ijyb is moderately wounded.
Ijyb barely misses you.
Casting: Sting (safe; 10% risk of failure)
Confirm with . or Enter, or press ? or * to list all spells.
Okay, then.
Casting: Sting (safe; 10% risk of failure)
Confirm with . or Enter, or press ? or * to list all spells.
You don't have enough magic to cast that spell.
Ijyb barely misses you.
Ijyb zaps a wand.
You barely resist.
Firing (i - inventory. (/) - cycle)
i - 39 sling bullets (quivered)
Press: ? - help, Shift-Dir - straight line, f/p - Ijyb
Aim: Ijyb, wielding a +0 dagger, wearing a +4 chain mail of poison resistance and carrying a wand of disintegration (8) (heavily wounded, fast, very poisoned)
You shoot a sling bullet. The sling bullet barely misses Ijyb.
Ijyb completely misses you.
Ijyb zaps a wand.
You are blasted!
Ouch! That really hurt!
You die...

..... #... #.. #.#
#.#### #.# #....# #.#
#....# #.# .#####....#
#.# ### .......g..# #.#
#.. .......@.## #.# #..
#........#####.##### #..
#..................# #..
#..................###..
#.......................
#########...............
#...............
##.###.##.......
#..##.##.......


You could see Ijyb (fast, very poisoned).

Vanquished Creatures
  4 gnolls (D:2)
  An adder (D:2)
  A dart slug (D:2)
  A leopard gecko (D:1)
  6 bats
  2 giant cockroaches
  6 goblins
  3 hobgoblins
  2 jackals (D:1)
  7 kobolds
  4 frilled lizards
  4 rats (D:1)
41 creatures vanquished.

Notes
Turn   | Place    | Note
-------+----------+-------------------------------------------
     0 | D:1      | AvylaarBelgium the Demonspawn Venom Mage began the quest
                  | for the Orb.
     0 | D:1      | Reached XP level 1. HP: 13/13 MP: 3/3
   166 | D:1      | Gained mutation: You regenerate a little health from kills.
                  | [demonic ancestry]
   166 | D:1      | Reached XP level 2. HP: 9/19 MP: 0/5
   246 | D:1      | Reached skill level 1 in Transmutations
   906 | D:2      | Found an opulent altar of Gozag.
   916 | D:2      | Gained mutation: You are partially covered in rugged brown
                  | scales. (AC +1, +3% HP) [demonic ancestry]
   916 | D:2      | Reached XP level 3. HP: 19/24 MP: 1/6
   999 | D:2      | Learned a level 2 spell: Poisonous Vapours
  1003 | D:2      | Learned a level 3 spell: Ignite Poison
  1293 | D:2      | Reached XP level 4. HP: 9/30 MP: 3/7
  1574 | D:3      | Noticed Ijyb
  1584 | D:3      | Blown up by Ijyb

Illustrated notes

Levels and vault maps discovered:
D:1:      elethiomel_arrival_quiet, layout_loops_ring, minmay_misc_feat_plants,
          serial_bayou_lagoon_b
D:2:      layout_loops_ring, lemuel_crystal_altar, serial_bayou,
          serial_bayou_pond_a, serial_bayou_pond_a, serial_bayou_pond_d,
          serial_bayou_pond_a
D:3:      layout_basic, lemuel_coloured_pillars_altar, first_ration,
          portal_sewer_entry_c, uniq_ijyb, uniq_terence

Skill      XL: |  1  2  3  4 |
---------------+-------------+-----
Dodging        | 2 |  2.1
Transmutations | 1 |  1.8
Stealth        | 2 |  2.0
Fighting       | |  0.2
Short Blades   | |  0.5
Slings         | |  0.8
Unarmed Combat | |  0.1
Spellcasting   | |  2.5
Poison Magic   | |  3.6

Action                   |  1- 3 |  4- 6 || total
-------------------------+-------+-------++-------
Melee: Short sword       |    38 |       ||    38
       Unarmed           |     6 |       ||     6
 Fire: Hunting sling     |    16 |    11 ||    27
Throw: Stone             |     2 |       ||     2
 Cast: Sting             |    43 |     8 ||    51
 Stab: Sleeping          |     2 |       ||     2
  Eat: Chunk             |     2 |     1 ||     3
Armor: Robe              |    26 |     8 ||    34
Dodge: Dodged            |    70 |    16 ||    86
